3L
SEATTLE AVIATORS @ KINGSTON TOWNSHIP LEGION
05/20/2031
 
TOP OF THE 1ST
Seattle Aviators batting - Pitching for Kingston Township Legion : LHP Norberto Rodríguez
Pitching: LHP Norberto Rodríguez
Batting: RHB Alfredo Méndez 0-0: Foul Ball, location: 2F
0-1: Ball
1-1: Called Strike
1-2: Foul Ball, location: 2F
1-2: Fly out, F7 (Line Drive, 7S)
Batting: SHB Nuygen Vuong 0-0: Swinging Strike
0-1: Called Strike
0-2: Ground out 5-3 (Groundball, 5)
Batting: LHB Pedro Corona 0-0: SINGLE (Flyball, 8LS)
Batting: RHB Albert Zamudio 0-0: Ball
1-0: Called Strike
1-1: Ball
2-1: Ground out 5-3 (Groundball, 56S)
Top of the 1st over - 0 runs, 1 hit, 0 errors, 1 left on base; Seattle 0 - Kingston Township 0
BOTTOM OF THE 1ST
Kingston Township Legion batting - Pitching for Seattle Aviators : LHP Allen Blair
Pitching: LHP Allen Blair
Batting: RHB Ron Bernard 0-0: SINGLE (Groundball, 6) (infield hit)
Batting: RHB Júlio Rodríguez 0-0: Ball
1-0: Foul Ball, location: 2F
1-1: Swinging Strike
1-2: SINGLE (Groundball, 56) (infield hit)
Ron Bernard to second
Batting: RHB EP Weston 0-0: Ball
1-0: Swinging Strike
1-1: Swinging Strike
1-2: Ball
2-2: Ball
3-2: Foul Ball, location: 2F
3-2: Strikes out swinging
Batting: RHB Clarence Neal 0-0: Called Strike
0-1: Called Strike
0-2: Foul Ball, location: 2F
0-2: Foul Ball, location: 2F
0-2: Ball
1-2: Foul Ball, location: 2F
1-2: Ball
2-2: Foul Ball, location: 2F
2-2: Fly out, F9 (Line Drive, 89M)
Batting: RHB Alfredo Cardenas 0-0: Ball
1-0: Swinging Strike
1-1: Fielders Choice at 2nd, 5-4 (Groundball, 56)
Bottom of the 1st over - 0 runs, 2 hits, 0 errors, 2 left on base; Seattle 0 - Kingston Township 0
TOP OF THE 2ND
Seattle Aviators batting - Pitching for Kingston Township Legion : LHP Norberto Rodríguez
Batting: LHB Jorge Mojica 0-0: Swinging Strike
0-1: Foul Ball, location: 2F
0-2: Ball
1-2: Fly out, F5 (Popup, 5S)
Batting: RHB Carlos Deleón 0-0: Ball
1-0: SINGLE (Groundball, 6D)
Batting: LHB Kenny Webster 0-0: Ball
1-0: Ball
2-0: Fly out, F5 (Line Drive, 5L)
Batting: RHB Patrick Eggen 0-0: Ball
1-0: Ball
2-0: Ball
3-0: Called Strike
3-1: SINGLE (Groundball, 6D)
Carlos Deleón to second
Batting: RHB John Downing 0-0: Called Strike
0-1: Foul Ball, location: 2F
0-2: Ball
1-2: DOUBLE (Line Drive, 7LD)
Carlos Deleón scores
Patrick Eggen to third
Runner from 3rd tries for Home, SAFE, no throw
Batting: RHB Alfredo Méndez 0-0: Called Strike
0-1: Foul Ball, location: 2F
0-2: Strikes out swinging
Top of the 2nd over - 2 runs, 3 hits, 0 errors, 1 left on base; Seattle 2 - Kingston Township 0
BOTTOM OF THE 2ND
Kingston Township Legion batting - Pitching for Seattle Aviators : LHP Allen Blair
Batting: LHB António González 0-0: Foul Ball, location: 2F
0-1: Foul Ball, location: 2F
0-2: Strikes out looking
Batting: RHB Jim Scott 0-0: Ball
1-0: Swinging Strike
1-1: Ball
2-1: Called Strike
2-2: Strikes out looking
Batting: RHB Dani Trejo 0-0: Called Strike
0-1: Called Strike
0-2: Ball
1-2: Ground out 5-3 (Groundball, 56)
Bottom of the 2nd over - 0 runs, 0 hits, 0 errors, 0 left on base; Seattle 2 - Kingston Township 0
TOP OF THE 3RD
Seattle Aviators batting - Pitching for Kingston Township Legion : LHP Norberto Rodríguez
Batting: SHB Nuygen Vuong 0-0: Foul Ball, location: 2F
0-1: Swinging Strike
0-2: Strikes out swinging
Batting: LHB Pedro Corona 0-0: Called Strike
0-1: Swinging Strike
0-2: Foul Ball, location: 2F
0-2: Ball
1-2: Strikes out swinging
Batting: RHB Albert Zamudio 0-0: Fly out, F4 (Line Drive, 4)
Top of the 3rd over - 0 runs, 0 hits, 0 errors, 0 left on base; Seattle 2 - Kingston Township 0
BOTTOM OF THE 3RD
Kingston Township Legion batting - Pitching for Seattle Aviators : LHP Allen Blair
Batting: LHB Charles Mathes 0-0: Called Strike
0-1: Ball
1-1: DOUBLE (Flyball, 78D)
Batting: RHB Ron Bernard 0-0: Ball
1-0: Called Strike
1-1: Ball
2-1: Foul Ball, location: 2F
2-2: Ball
3-2: Base on Balls
Batting: RHB Júlio Rodríguez 0-0: Ball
1-0: Called Strike
1-1: Grounds into double play, 4-6-3 (Groundball, 4)
Charles Mathes to third
Batting: RHB EP Weston 0-0: Swinging Strike
0-1: Foul Ball, location: 2F
0-2: Ball
1-2: Ball
2-2: Ground out 1-3 (Groundball, 13S)
Bottom of the 3rd over - 0 runs, 1 hit, 0 errors, 1 left on base; Seattle 2 - Kingston Township 0
TOP OF THE 4TH
Seattle Aviators batting - Pitching for Kingston Township Legion : LHP Norberto Rodríguez
Batting: LHB Jorge Mojica 0-0: SINGLE (Flyball, 78S)
Batting: RHB Carlos Deleón 0-0: Ball
1-0: Fly out, F9 (Flyball, 89M)
Batting: LHB Kenny Webster 0-0: Ball
1-0: Called Strike
1-1: Ball
2-1: Ball
3-1: Called Strike
3-2: Base on Balls
Jorge Mojica to second
Batting: RHB Patrick Eggen 0-0: Ball
1-0: Ball
2-0: Swinging Strike
2-1: Foul Ball, location: 2F
2-2: Ball
3-2: Foul Ball, location: 2F
3-2: Foul Ball, location: 2F
3-2: Foul Ball, location: 2F
3-2: Foul Ball, location: 2F
3-2: Base on Balls
Jorge Mojica to third
Kenny Webster to second
Batting: RHB John Downing 0-0: Ball
1-0: Ball
2-0: Called Strike
2-1: Foul Ball, location: 2F
2-2: Strikes out swinging
Batting: RHB Alfredo Méndez 0-0: Ball
1-0: SINGLE (Line Drive, 89S)
Jorge Mojica scores
Kenny Webster to third
Patrick Eggen to second
Runner from 3rd tries for Home, SAFE, throw made home
Batting: SHB Nuygen Vuong 0-0: Called Strike
0-1: Swinging Strike
0-2: Foul Ball, location: 2F
0-2: Ball
1-2: Ground out U3 (Groundball, 3S)
Top of the 4th over - 2 runs, 2 hits, 0 errors, 2 left on base; Seattle 4 - Kingston Township 0
BOTTOM OF THE 4TH
Kingston Township Legion batting - Pitching for Seattle Aviators : LHP Allen Blair
Batting: RHB Clarence Neal 0-0: Called Strike
0-1: Foul Ball, location: 2F
0-2: Ball
1-2: Ball
2-2: Strikes out swinging, 2-3 out at first.
Batting: RHB Alfredo Cardenas 0-0: Ball
1-0: Foul Ball, location: 2F
1-1: DOUBLE (Line Drive, 7LM)
Batting: LHB António González 0-0: Ball
1-0: Ball
2-0: Hit by Pitch
Batting: RHB Jim Scott 0-0: Called Strike
0-1: Ball
1-1: Foul Ball, location: 2F
1-2: Reached on error, E3 (Groundball, 34)
Alfredo Cardenas to third
António González to second
Batting: RHB Dani Trejo 0-0: SINGLE (Line Drive, 7S)
Alfredo Cardenas scores
António González to third
Jim Scott to second
Runner from 3rd tries for Home, SAFE, no throw
Batting: LHB Charles Mathes 0-0: Called Strike
0-1: Ball
1-1: Ball
2-1: Ball
3-1: Foul Ball, location: 2F
3-2: Fly out, F9 (Flyball, 9D)
Batting: RHB Ron Bernard 0-0: Called Strike
0-1: Foul Ball, location: 2F
0-2: Ball
1-2: Ball
2-2: 3-RUN HOME RUN (Flyball, 7D), Distance : 426 ft
Batting: RHB Júlio Rodríguez 0-0: Ball
1-0: Ball
2-0: Swinging Strike
2-1: Foul Ball, location: 2F
2-2: Ball
3-2: Ground out 6-3 (Groundball, 56)
Bottom of the 4th over - 5 runs, 3 hits, 1 error, 0 left on base; Seattle 4 - Kingston Township 5
TOP OF THE 5TH
Seattle Aviators batting - Pitching for Kingston Township Legion : LHP Norberto Rodríguez
Batting: LHB Pedro Corona 0-0: Called Strike
0-1: Ground out 3-1 (Groundball, 34)
Batting: RHB Albert Zamudio 0-0: Swinging Strike
0-1: Foul Ball, location: 2F
0-2: Foul Ball, location: 2F
0-2: Strikes out swinging
Batting: LHB Jorge Mojica 0-0: Called Strike
0-1: Foul Ball, location: 2F
0-2: Ground out U3 (Groundball, 34)
Top of the 5th over - 0 runs, 0 hits, 0 errors, 0 left on base; Seattle 4 - Kingston Township 5
BOTTOM OF THE 5TH
Kingston Township Legion batting - Pitching for Seattle Aviators : LHP Allen Blair
Batting: RHB EP Weston 0-0: Called Strike
0-1: Ball
1-1: Called Strike
1-2: Ball
2-2: Ball
3-2: Fly out, F9 (Line Drive, 9)
Batting: RHB Clarence Neal 0-0: Called Strike
0-1: Ball
1-1: SINGLE (Groundball, 6MD)
Batting: RHB Alfredo Cardenas 0-0: Fly out, F8 (Flyball, 8LM)
Batting: LHB António González 0-0: Ground out 4-3 (Groundball, 4)
Bottom of the 5th over - 0 runs, 1 hit, 0 errors, 1 left on base; Seattle 4 - Kingston Township 5
TOP OF THE 6TH
Seattle Aviators batting - Pitching for Kingston Township Legion : LHP Norberto Rodríguez
Batting: RHB Carlos Deleón 0-0: Ball
1-0: Hit by Pitch
Batting: LHB Kenny Webster 0-0: Foul Ball, location: 2F
0-1: Ball
1-1: Grounds into double play, U3-6 (Groundball, 3L)
Batting: RHB Patrick Eggen 0-0: Ball
1-0: DOUBLE (Groundball, 5L)
Batting: RHB John Downing 0-0: Called Strike
0-1: Swinging Strike
0-2: Ball
1-2: Ball
2-2: Ball
3-2: Foul Ball, location: 2F
3-2: SINGLE (Line Drive, 7S)
Patrick Eggen to third
Patrick Eggen scores
Batting: RHB Alfredo Méndez 0-0: Ball
1-0: Called Strike
1-1: Swinging Strike
1-2: Foul Ball, location: 2F
1-2: Strikes out swinging, 2-3 out at first.
Top of the 6th over - 1 run, 2 hits, 0 errors, 1 left on base; Seattle 5 - Kingston Township 5
BOTTOM OF THE 6TH
Kingston Township Legion batting - Pitching for Seattle Aviators : LHP Allen Blair
Batting: RHB Jim Scott 0-0: Called Strike
0-1: Foul Ball, location: 2F
0-2: Fly out, F7 (Flyball, 78M)
Batting: RHB Dani Trejo 0-0: Swinging Strike
0-1: Ball
1-1: Ball
2-1: Called Strike
2-2: Foul Ball, location: 2F
2-2: Ball
3-2: Foul Ball, location: 2F
3-2: Foul Ball, location: 2F
3-2: SINGLE (Flyball, 7LS)
Pitching: RHP Drake Riley
Batting: LHB Charles Mathes 0-0: Ball
1-0: Swinging Strike
1-1: Called Strike
1-2: Fly out, F7 (Flyball, 7S)
Batting: RHB Ron Bernard 0-0: Called Strike
0-1: Ground out 6-3 (Groundball, 6S)
Bottom of the 6th over - 0 runs, 1 hit, 0 errors, 1 left on base; Seattle 5 - Kingston Township 5
TOP OF THE 7TH
Seattle Aviators batting - Pitching for Kingston Township Legion : LHP Norberto Rodríguez
Batting: SHB Nuygen Vuong 0-0: Ball
1-0: Called Strike
1-1: Ball
2-1: SOLO HOME RUN (Flyball, 7D), Distance : 398 ft
Batting: LHB Pedro Corona 0-0: Ball
1-0: Ball
2-0: Foul Ball, location: 2F
2-1: Ball
3-1: SINGLE (Line Drive, 5D)
Batting: RHB Albert Zamudio 0-0: Ball
1-0: Called Strike
1-1: Swinging Strike
1-2: Ball
2-2: Ball
3-2: Strikes out looking
Batting: LHB Jorge Mojica 0-0: Called Strike
0-1: Ball
1-1: Called Strike
1-2: Strikes out swinging
Pitching: RHP Noburo Oishi
Batting: RHB Carlos Deleón 0-0: Called Strike
0-1: Foul Ball, location: 2F
0-2: Ball
1-2: Ball
2-2: Ball
3-2: Foul Ball, location: 2F
3-2: Foul Ball, location: 2F
3-2: Strikes out swinging
Top of the 7th over - 1 run, 2 hits, 0 errors, 1 left on base; Seattle 6 - Kingston Township 5
BOTTOM OF THE 7TH
Kingston Township Legion batting - Pitching for Seattle Aviators : RHP Drake Riley
Batting: RHB Júlio Rodríguez 0-0: Ball
1-0: Swinging Strike
1-1: Ground out 4-3 (Groundball, 4)
Batting: RHB EP Weston 0-0: Called Strike
0-1: Swinging Strike
0-2: Strikes out swinging
Batting: RHB Clarence Neal 0-0: Ball
1-0: Foul Ball, location: 2F
1-1: Ball
2-1: Called Strike
2-2: Ball
3-2: Ground out 4-3 (Groundball, 4)
Bottom of the 7th over - 0 runs, 0 hits, 0 errors, 0 left on base; Seattle 6 - Kingston Township 5
TOP OF THE 8TH
Seattle Aviators batting - Pitching for Kingston Township Legion : RHP Noburo Oishi
Batting: LHB Kenny Webster 0-0: Called Strike
0-1: Ball
1-1: Ground out 6-3 (Groundball, 6M)
Batting: RHB Patrick Eggen 0-0: Called Strike
0-1: Foul Ball, location: 2F
0-2: Ball
1-2: Strikes out swinging
Batting: RHB John Downing 0-0: Ball
1-0: Fly out, F7 (Flyball, 7LMF)
Top of the 8th over - 0 runs, 0 hits, 0 errors, 0 left on base; Seattle 6 - Kingston Township 5
BOTTOM OF THE 8TH
Kingston Township Legion batting - Pitching for Seattle Aviators : RHP Drake Riley
Batting: RHB Alfredo Cardenas 0-0: Called Strike
0-1: Swinging Strike
0-2: Ball
1-2: Strikes out swinging
Batting: LHB António González 0-0: Foul Ball, location: 2F
0-1: SINGLE (Groundball, 4MD)
Pitching: RHP Zach Rediker
Pinch Runner at 1st Elia Amberezzio:
Batting: RHB Jim Scott 0-0: Ball
1-0: Ball
Elia Amberezzio steals 2nd base
2-0: Called Strike
2-1: Ball
3-1: Called Strike
3-2: Foul Ball, location: 2F
3-2: Base on Balls
Batting: RHB Dani Trejo 0-0: Ball
1-0: Ball
2-0: Foul Ball, location: 2F
2-1: Fielders Choice at 2nd, 3-6 (Groundball, 34)
Elia Amberezzio to third
Batting: LHB Charles Mathes 0-0: Ground out 5-3 (Groundball, 56S)
Bottom of the 8th over - 0 runs, 1 hit, 0 errors, 2 left on base; Seattle 6 - Kingston Township 5
TOP OF THE 9TH
Seattle Aviators batting - Pitching for Kingston Township Legion : RHP Noburo Oishi
Now at SS: Elia Amberezzio
Batting: RHB Alfredo Méndez 0-0: Ball
1-0: Called Strike
1-1: Ball
2-1: Foul Ball, location: 2F
2-2: Foul Ball, location: 2F
2-2: Strikes out swinging
Batting: SHB Nuygen Vuong 0-0: Ball
1-0: Swinging Strike
1-1: Ball
2-1: Called Strike
2-2: DOUBLE (Flyball, 7LD)
Batting: LHB Pedro Corona 0-0: Ball
1-0: Foul Ball, location: 2F
1-1: Ball
2-1: Ball
3-1: Base on Balls
Pinch Hitting: LHB Yoichibei Sato 0-0: Ball
Nuygen Vuong is caught stealing 3rd base
1-0: Ball
2-0: SINGLE (Groundball, 6) (infield hit)
Pedro Corona to second
Pinch Runner at 2nd Ludwig Kluge:
Batting: LHB Jorge Mojica 0-0: Ball
1-0: Ball
2-0: SINGLE (Line Drive, 9LS)
Ludwig Kluge to third
Yoichibei Sato to second
Runner from 3rd tries for Home, SAFE, no throw
Batting: RHB Carlos Deleón 0-0: Ball
1-0: Foul Ball, location: 2F
1-1: Ball
2-1: Foul Ball, location: 2F
2-2: Ball
3-2: Base on Balls
Yoichibei Sato to third
Jorge Mojica to second
Batting: LHB Kenny Webster 0-0: GRAND SLAM HOME RUN (Line Drive, 8LXD), Distance : 453 ft
Pitching: RHP Anthony Ledesma
Batting: RHB Patrick Eggen 0-0: Ball
1-0: Fly out, F3 (Popup, 3F)
Top of the 9th over - 5 runs, 4 hits, 0 errors, 0 left on base; Seattle 11 - Kingston Township 5
BOTTOM OF THE 9TH
Kingston Township Legion batting - Pitching for Seattle Aviators : RHP Zach Rediker
Now at 3B: Ludwig Kluge
Now in RF: Yoichibei Sato
Batting: RHB Ron Bernard 0-0: Foul Ball, location: 2F
0-1: Foul Ball, location: 2F
0-2: Ball
1-2: Ball
2-2: Fly out, F5 (Popup, 56)
Batting: RHB Júlio Rodríguez 0-0: Called Strike
0-1: Swinging Strike
0-2: Ball
1-2: SOLO HOME RUN (Line Drive, 7LD), Distance : 369 ft
Batting: RHB EP Weston 0-0: Foul Ball, location: 2F
0-1: Ball
1-1: Foul Ball, location: 2F
1-2: Fly out, F8 (Flyball, 8RM)
Batting: RHB Clarence Neal 0-0: Ball
1-0: Ball
2-0: Foul Ball, location: 2F
2-1: Foul Ball, location: 2F
2-2: Foul Ball, location: 2F
2-2: Ball
3-2: Foul Ball, location: 2F
3-2: Ground out 5-3 (Groundball, 56S)
Bottom of the 9th over - 1 run, 1 hit, 0 errors, 0 left on base; Seattle 11 - Kingston Township 6
Tuesday, June 12th, 2018 - OOTP Baseball 18.8 Build 76